 Dungeon Crawl Stone Soup version 5.5-19-gbfab8aa (webtiles) character file.

700 stpyramids the Warrior (level 17, -8/185 HPs) *CASUAL*
             Began as a Titan Transmuter on June 13, 2018.
             Killed from afar by a manticore (22 damage)
             ... with a volley of spikes
             ... on level 2 of the Shoals on June 15, 2018.
             The game lasted 00:42:50 (19968 turns).

stpyramids the Warrior (Titan Transmuter)          Turns: 19968, Time: 00:42:51

Health: -8/185     AC: 18 (39%)Str: 23  XL:     17   Next: 86%
Magic:  51/51      EV: 14    Int: 24    God:
Gold:   868        SH:  3    Dex: 14    Spells: 5/32 levels left

rFire    x . .     SeeInvis +     - Unarmed
rCold    . . .     Faith    .   (shield currently unavailable)
rNeg     + . .     Spirit   .   T - +0 pearl dragon scales
rPois    +         Reflect  +   I - +2 hat {MP+9}
rElec    +                      Z - +0 cloak "Hareu" {rElec rPois rF- MR+++}
rCorr    .                      (gloves unavailable)
MR       +++++                  (boots unavailable)
Stlth    +.........             y - amulet "Teohog" {Reflect MR+ Slay+3 SH+3 Stlth+}
Regen    0.8/turn               M - +5 ring of intelligence
MPRegen  0.4/turn               x - ring of Zecec {rPois MP+9}

@: blade hands, barbed spikes
A: unfitting armour, see invisible, high mp 1, poison resistance, regeneration
1, electricity resistance
a: End Transformation


You were on level 2 of the Shoals.
You were not hungry.
You had blades for hands.
You visited 4 branches of the dungeon, and saw 20 of its levels.
You visited the Abyss 1 time.
You visited the bazaar 2 times.
You also visited: Bailey and Volcano.

You collected 1885 gold pieces.
You spent 1017 gold pieces at shops.

Inventory:

Missiles
 d - 100 poisoned darts (quivered)
 j - 165 javelins
 t - 232 tomahawks
 E - 5 tomahawks of dispersal
 O - 168 large rocks
 W - 7 poisoned tomahawks
Armour
 i - a +2 robe of magic resistance
 H - a +2 shield of protection
 I - a +2 hat of magical power (worn)
 T - +0 pearl dragon scales (worn)
 U - a +0 cloak of magical power
 X - a +2 robe of magic resistance
 Z - the +0 cloak "Hareu" (worn) {rElec rPois rF- MR+++}
   (You found it on level 13 of the Dungeon)

   It makes you vulnerable to fire.
   It insulates you from electricity.
   It protects you from poison.
   It affects your resistance to hostile enchantments.
Jewellery
 a - a +3 ring of protection
 b - an uncursed ring of protection from magic
 m - a +5 ring of dexterity
 o - a +3 ring of protection
 x - the ring of Zecec (right scythe-like blade) {rPois MP+9}
   (You found it on level 5 of the Dungeon)

   [ring of poison resistance]

   It protects you from poison.
   It affects your magic capacity (+9).
 y - the amulet "Teohog" (around neck) {Reflect MR+ Slay+3 SH+3 Stlth+}
   (You found it on level 15 of the Dungeon)

   [amulet of reflection]

   It shields you and reflects attacks.
   It affects your accuracy and damage with ranged weapons and melee attacks
   (+3).
   It affects your resistance to hostile enchantments.
   It affects your SH (+3).
   It makes you more stealthy.
 z - the necklace of Bloodlust {*Rage MR+ Int-3 Slay+7}
   (You found it on level 12 of the Dungeon)

   [amulet of nothing]

   It affects your intelligence (-3).
   It affects your accuracy and damage with ranged weapons and melee attacks
   (+7).
   It affects your resistance to hostile enchantments.
   It may make you go berserk in combat.
 A - the ring of Mifihen {Ice Str+6 Int-4}
   (You acquired it on level 7 of the Dungeon)

   [ring of ice]

   It enhances your ice magic.
   It affects your strength (+6).
   It affects your intelligence (-4).
   It protects you from cold.
 B - an uncursed amulet of guardian spirit
 C - an uncursed ring of ice
 D - an uncursed ring of positive energy
 K - an uncursed amulet of regeneration
 M - a +5 ring of intelligence (left scythe-like blade)
 P - an uncursed ring of poison resistance
 Q - an uncursed ring of ice
 Y - a +5 ring of strength
Wands
 p - a wand of flame (7)
 v - a wand of lightning (4)
 G - a wand of enslavement (7)
 J - a wand of acid (14)
 V - a wand of disintegration (11)
Scrolls
 f - 14 scrolls of amnesia
 g - 5 scrolls of immolation
 n - 8 scrolls of enchant weapon
 s - 2 scrolls of fog
 F - 5 scrolls of teleportation
 R - a scroll of brand weapon
Potions
 c - 2 potions of lignification
 e - 3 potions of resistance
 h - a potion of magic
 k - 5 potions of mutation
 l - a potion of heal wounds
 w - 3 potions of berserk rage
 N - 2 potions of haste
 S - 3 potions of flight
Miscellaneous
 u - a lamp of fire
 L - a disc of storms


   Skills:
 - Level 15.7 Fighting
 - Level 11.3 Armour
 - Level 11.7 Dodging
 - Level 13.7 Unarmed Combat
 + Level 13.4 Transmutations
 - Level 2.7 Ice Magic
 + Level 9.2 Earth Magic
 - Level 10.4 Evocations


You had 5 spell levels left.
You knew the following spells:

 Your Spells              Type           Power        Failure   Level  Hunger
a - Beastly Appendage     Tmut           50 (50)      1%          1    N/A
b - Passwall              Tmut/Erth      53 (200)     1%          2    N/A
c - Spider Form           Tmut           59 (200)     1%          3    N/A
d - Blade Hands           Tmut           59 (200)     4%          5    N/A
e - Sticks to Snakes      Tmut/Summ      32 (100)     3%          2    N/A
f - Ice Form              Ice/Tmut       38 (100)     13%         4    N/A
g - Statue Form           Tmut/Erth      53 (150)     45%         6    N/A
h - Ozocubu's Armour      Chrm/Ice       6 (100)      90%         4    N/A

Dungeon Overview and Level Annotations

Branches:
Dungeon (15/15)            Shoals (2/3) Orc:2         Slime (0/4) Orc:2
    Orc (2/2) D:15         Vaults (0/3) D:15         Depths (0/3) D:15
 Bazaar (1/1)
  Snake: Orc:2       Spider: Orc:2

Shops:
Bazaar }[:}(?[::


Innate Abilities, Weirdness & Mutations

You are too large for most types of armour.
You have an increased reservoir of magic. (+10% MP)
You are resistant to electric shocks. (rElec)
You have supernaturally acute eyesight. (SInv)
Your system is resistant to poisons. (rPois)
Your natural rate of healing is unusually fast.


Message History

You kill the sea snake!
The cyclops throws a large rock.
The large rock hits you (19)!!
* * * LOW HITPOINT WARNING * * *
2 manticores come into view.
The cyclops closely misses you.
You slash the cyclops (10)!
The cyclops is lightly wounded.
The faun casts a spell at you. You resist with almost no effort.
The cyclops hits you but does no damage.
You hit the cyclops (6).
The cyclops is moderately wounded.
You barely miss the cyclops.
The cyclops is moderately wounded.
The faun wields a +0 shortbow of freezing.
It is covered in frost.
The faun shoots an arrow.
The arrow misses you (0).
The manticore flicks its tail.
The volley of spikes hits you!
That hurt (22)!
The barbed spikes become lodged in your body.
You die...

.###..≈≈≈≈.≈c......
≈.....≈≈≈≈≈$.......
≈..≈≈.≈≈≈≈§§.....
≈...≈≈....§##c.##
≈≈≈≈.....)##....#
≈≈≈..$#..##.#..#.#
C≈≈≈..#..#.#....#.
≈≈≈≈..#.≈....≈≈....
≈≈≈≈...C@....≈≈....
≈≈≈≈≈≈≈..#.#....#.#
≈≈≈≈≈≈≈≈.##H#..#.##
≈≈≈≈≈≈≈≈≈ #....##
≈≈≈≈≈≈≈≈≈ #..##
≈≈≈≈≈≈≈≈≈≈ ...
≈≈≈≈≈≈≈≈≈≈ ...
≈≈≈≈≈≈≈≈≈≈≈


You could see a faun, a manticore and a cyclops.

Vanquished Creatures
  Nessos (D:14)
  A stone giant (Orc:2)
  Snorg (D:11)
  4 ogre magi
  2 rakshasas (D:15)
  3 hydras
  17 two-headed ogres
  7 centaur warriors
  3 death yaks (D:15)
  2 dancing weapons (D:15)
  2 tengu warriors (D:13)
  A satyr (Shoals:2)
  2 orc high priests
  Sonja (D:13)
  2 fire crabs (D:14)
  2 sea snakes
  8 skeletal warriors
  3 unseen horrors
  A glowing orange brain (D:15)
  2 deep trolls (Orc:2)
  An orc knight (Orc:1)
  2 deep elf magi
  A harpy (shapeshifter) (D:15)
  Pikel (D:8)
  9 harpies
  An obsidian statue (D:15)
  10 ugly things
  2 orc sorcerers
  An oklob plant (D:10)
  4 cyclopes
  A hornet (D:13)
  8 fauns
  6 manticores
  3 sirens (Shoals:1)
  An eye of devastation (shapeshifter) (D:15)
  A water nymph (Shoals:2)
  4 spiny frogs
  A redback zombie (D:12)
  A rime drake (D:12)
  An efreet (D:14)
  A yaktaur (D:13)
  A freezing wraith (D:13)
  A queen bee (shapeshifter) (D:15)
  3 meliai (D:15)
  14 trolls
  A tengu conjurer (D:14)
  A queen bee (D:15)
  8 merfolk (Shoals:1)
  A wind drake (shapeshifter) (D:15)
  A wind drake (Shoals:1)
  3 dream sheep (Shoals:1)
  14 slime creatures
  A snapping turtle (Shoals:1)
  18 blink frogs
  A raiju (shapeshifter) (D:15)
  A black mamba zombie (D:12)
  A shadow (D:11)
  2 water elementals (Shoals:1)
  A vampire (D:13)
  Eustachio (D:5)
  A spriggan (shapeshifter) (D:15)
  4 wyverns
  Sigmund (D:4)
  3 hogs (Volcano)
  10 yaks (D:8)
  A wraith (D:13)
  3 fire elementals (D:14)
  2 black mamba skeletons
  4 angry ghosts
  3 steam dragons
  Menkaure (D:5)
  Edmund (D:5)
  4 wargs
  A water moccasin (shapeshifter) (D:15)
  A water moccasin (D:10)
  2 acid dragons
  5 hell hounds
  28 orc warriors
  5 black bears
  5 ice beasts
  A wasp (D:11)
  3 slaves (D:8)
  A boggart (shapeshifter) (D:13)
  A phantom (D:15)
  29 ogres
  5 boggarts (D:14)
  15 centaurs
  A blink frog skeleton (D:8)
  A rime drake skeleton (D:12)
  A bullfrog (D:7)
  A wyvern zombie (D:7)
  4 scorpions
  7 wights (D:9)
  9 crimson imps
  26 killer bees
  An oklob sapling (D:10)
  A troll zombie (D:15)
  2 vampire bats (D:4)
  2 howler monkeys
  A wasp zombie (D:12)
  7 centaur skeletons
  3 centaur zombies
  8 hounds
  4 jellies
  A gnoll shaman (D:7)
  10 orc priests
  Jessica (D:2)
  18 orc wizards
  6 worker ants
  4 iguanas
  2 killer bee zombies (D:6)
  5 ogre zombies (D:15)
  A hound zombie (D:5)
  8 gnolls
  10 adders
  A shadow imp (D:7)
  3 oozes
  4 dart slugs
  73 orcs
  6 quokkas
  7 ball pythons
  4 bats
  6 bat skeletons (D:4)
  4 giant cockroaches
  11 goblins
  5 hobgoblins
  9 jackals
  2 goblin skeletons (D:15)
  3 goblin zombies (D:15)
  A hobgoblin skeleton (D:15)
  2 hobgoblin zombies (D:15)
  8 kobolds
  4 orc skeletons (D:15)
  6 orc zombies (D:15)
  5 rats
  2 plants (D:10)
650 creatures vanquished.

Vanquished Creatures (collateral kills)
  A tengu warrior (D:14)
1 creature vanquished.

Vanquished Creatures (others)
  A centaur (Volcano)
  11 fungi
  4 plants
16 creatures vanquished.

Grand Total: 667 creatures vanquished

Notes
Turn   | Place    | Note
-------+----------+-------------------------------------------
     0 | D:1      | stpyramids the Titan Transmuter began the quest for the Orb.
     0 | D:1      | Reached XP level 1. HP: 19/19 MP: 4/4
    99 | D:1      | Reached XP level 2. HP: 27/27 MP: 5/5
   444 | D:1      | Reached XP level 3. HP: 24/33 MP: 7/7
   448 | D:1      | Learned a level 2 spell: Passwall
  1244 | D:2      | Reached XP level 4. HP: 26/41 MP: 9/9
  1395 | D:2      | Found a white marble altar of Elyvilon.
  1400 | D:2      | Learned a level 3 spell: Spider Form
  1412 | D:2      | Found a burning altar of Makhleb.
  1424 | D:2      | Found an opulent altar of Gozag.
  1469 | D:2      | Found an iron altar of Okawaru.
  1528 | D:2      | Noticed Jessica
  1535 | D:2      | Killed Jessica
  1535 | D:2      | Reached XP level 5. HP: 47/48 MP: 9/9
  1671 | D:2      | Found a viscous altar of Jiyva.
  1985 | D:3      | Reached skill level 5 in Unarmed Combat
  1985 | D:3      | Reached XP level 6. HP: 55/55 MP: 11/11
  2043 | D:3      | Found a shadowy altar of Dithmenos.
  2291 | D:3      | Gained mutation: You have supernaturally acute eyesight. (SInv) [mutagenic hatch]
  2387 | D:4      | Found a radiant altar of Vehumet.
  2510 | D:4      | Reached XP level 7. HP: 60/62 MP: 13/13
  2737 | D:4      | Reached skill level 2 in Fighting
  2769 | D:4      | Found a sacrificial altar of Ru.
  2813 | D:4      | Found a snail-covered altar of Cheibriados.
  2813 | D:4      | Found a hide-covered altar of Uskayaw.
  2818 | D:4      | Reached skill level 3 in Fighting
  2824 | D:4      | Reached skill level 5 in Fighting
  2824 | D:4      | Reached XP level 8. HP: 65/80 MP: 15/15
  2889 | D:4      | Found a stormy altar of Qazlal.
  2890 | D:4      | Found a deep blue altar of Sif Muna.
  2890 | D:4      | Found a sparkling altar of Nemelex Xobeh.
  2941 | D:4      | Noticed Sigmund
  2951 | D:4      | Killed Sigmund
  2951 | D:4      | Reached skill level 7 in Fighting
  3152 | D:4      | Found an ancient bone altar of Kikubaaqudgha.
  3156 | D:4      | Reached skill level 8 in Fighting
  3336 | D:5      | Entered Level 5 of the Dungeon
  3414 | D:5      | Found a glowing golden altar of the Shining One.
  3418 | D:5      | Reached skill level 9 in Fighting
  3466 | D:5      | Reached skill level 10 in Fighting
  3685 | D:5      | Noticed Menkaure
  3692 | D:5      | Killed Menkaure
  3692 | D:5      | Reached XP level 9. HP: 98/102 MP: 16/16
  3826 | D:5      | Reached skill level 11 in Fighting
  3840 | D:5      | Noticed Eustachio
  3867 | D:5      | Killed Eustachio
  3867 | D:5      | Reached skill level 12 in Fighting
  3884 | D:5      | Got the ring of Zecec {rPois MP+9}
  3895 | D:5      | Found a shimmering altar of Xom.
  3895 | D:5      | Noticed Edmund
  3956 | D:5      | Killed Edmund
  4134 | D:5      | Gained mutation: You evolve. [mutagenic hatch]
  4338 | D:6      | Reached skill level 5 in Dodging
  4358 | D:6      | Reached XP level 10. HP: 41/115 MP: 18/18
  4762 | D:6      | Reached skill level 5 in Transmutations
  4818 | D:6      | Gained mutation: Your natural rate of healing is unusually fast. [evolution]
  5240 | D:7      | Found a glowing silver altar of Zin.
  5299 | D:7      | Found an ornate altar of the Wu Jian Council.
  5554 | D:7      | Got the ring of Mifihen {Ice Str+6 Int-4}
  5681 | D:7      | Found a glowing golden altar of the Shining One.
  5737 | D:7      | Found a basalt altar of Yredelemnul.
  5987 | D:7      | Learned a level 5 spell: Blade Hands
  6079 | D:7      | Found a bloodstained altar of Trog.
  6299 | D:8      | Reached XP level 11. HP: 92/123 MP: 20/20
  6652 | D:8      | Reached skill level 10 in Transmutations
  6769 | D:8      | Noticed Pikel
  6779 | D:8      | Killed Pikel
  7030 | D:8      | Noticed a two-headed ogre
  7038 | D:8      | Killed a two-headed ogre
  7602 | D:9      | Reached XP level 12. HP: 131/132 MP: 20/20
  7796 | D:9      | Reached skill level 10 in Unarmed Combat
  7991 | D:10     | Entered Level 10 of the Dungeon
  8241 | D:10     | Found a stormy altar of Qazlal.
  8256 | D:10     | Got the Almanac of Nature
  9390 | D:10     | Gained mutation: You are frail. (-10% HP) [mutagenic hatch]
  9870 | D:11     | Noticed Snorg
  9881 | D:11     | Killed Snorg
  9881 | D:11     | Reached XP level 13. HP: 48/126 MP: 22/22
 10044 | D:11     | Reached skill level 1 in Armour
 10055 | D:11     | Learned a level 2 spell: Sticks to Snakes
 10173 | D:11     | Learned a level 4 spell: Ice Form
 10369 | D:11     | Found a gateway to a bazaar.
 10548 | Bazaar   | Entered a bazaar
 10552 | Bazaar   | Found Orghaett's Book Emporium.
 10554 | Bazaar   | Found Hopemp's Gadget Shoppe.
 10554 | Bazaar   | Found Liannuutz's Armour Shoppe.
 10562 | Bazaar   | Bought a +0 cloak of magical power for 172 gold pieces
 10621 | Bazaar   | Found Ateh's Book Emporium.
 10621 | Bazaar   | Found Jahomn's Book Emporium.
 10704 | D:11     | Gained mutation: Your body sometimes deteriorates upon taking damage. [mutagenic hatch]
 10717 | D:12     | Reached skill level 1 in Ice Magic
 10978 | D:12     | Found a flagged portal.
 10985 | Bailey   | Entered a bailey
 11481 | Bailey   | Lost mutation: You are frail. (-10% HP) [evolution]
 11511 | Bailey   | Got the Catalogue of Augmentations and the Traveller
 11776 | D:12     | Reached skill level 5 in Armour
 12309 | D:12     | Reached XP level 14. HP: 144/149 MP: 21/21
 12624 | D:13     | Noticed Sonja
 12628 | D:13     | Cast into level 1 of the Abyss (Sonja)
 12628 | Abyss:1  | Found a corrupted altar of Lugonu.
 12652 | Abyss:2  | Found a corrupted altar of Lugonu.
 12681 | D:13     | Escaped the Abyss
 12682 | D:13     | Killed Sonja
 12857 | D:13     | Reached skill level 10 in Armour
 12862 | D:13     | HP: 5/149 [two-headed ogre/+0 giant club (8)]
 12868 | D:13     | HP: 3/149 [two-headed ogre/+0 giant club (5)]
 13350 | D:13     | Reached skill level 1 in Evocations
 13576 | D:13     | Reached skill level 5 in Evocations
 13695 | D:13     | Lost mutation: Your body sometimes deteriorates upon taking damage. [evolution]
 13714 | D:13     | Reached XP level 15. HP: 157/157 MP: 24/24
 14076 | D:13     | Got the +0 cloak "Hareu" {rElec rPois rF- MR+++}
 14557 | D:14     | Noticed Nessos
 14581 | D:14     | Killed Nessos
 14864 | D:14     | Reached skill level 10 in Evocations
 15290 | D:14     | Reached skill level 13 in Fighting
 15507 | D:14     | Gained mutation: Your system is resistant to poisons. (rPois) [mutagenic hatch]
 15507 | D:15     | Entered Level 15 of the Dungeon
 15539 | D:15     | Found a gate to the Vaults.
 15543 | D:15     | Reached skill level 1 in Earth Magic
 15742 | D:15     | Got the amulet "Teohog" {Reflect MR+ Slay+3 SH+3 Stlth+}
 15793 | D:15     | Reached XP level 16. HP: 156/171 MP: 27/27
 15799 | D:15     | Reached skill level 14 in Fighting
 16004 | D:15     | Reached skill level 5 in Earth Magic
 16012 | D:15     | Lost mutation: You evolve. [evolution]
 16621 | D:15     | Found a staircase to the Orcish Mines.
 16629 | D:15     | Reached skill level 15 in Fighting
 16858 | D:15     | Found a staircase to the Depths.
 16970 | D:15     | Found a glowing golden altar of the Shining One.
 17186 | Orc:1    | Entered Level 1 of the Orcish Mines
 17471 | Orc:1    | Found a dark tunnel.
 17481 | Volcano  | Entered a volcano
 18070 | Orc:2    | Entered Level 2 of the Orcish Mines
 18134 | Orc:2    | Reached skill level 10 in Dodging
 18135 | Orc:2    | Reached XP level 17. HP: 116/185 MP: 28/28
 18289 | Orc:2    | Found a gateway to a bazaar.
 18491 | Orc:2    | Found a radiant altar of Vehumet.
 18570 | Orc:2    | Found a staircase to the Shoals.
 18641 | Orc:2    | Found a viscous altar of Jiyva.
 18642 | Orc:2    | Found a staircase to the Slime Pits.
 18854 | Bazaar   | Bought a book of the Earth for 845 gold pieces
 18861 | Bazaar   | Learned a level 6 spell: Statue Form
 18875 | Bazaar   | Got the amulet of Bahineq {Destruction rPois Str+5 Int-2}
 18935 | Shoals:1 | Entered Level 1 of the Shoals
 19903 | Shoals:1 | Learned a level 4 spell: Ozocubu's Armour
 19941 | Shoals:2 | HP: 7/185 [harpy (5)]
 19968 | Shoals:2 | Killed from afar by a manticore

Skill      XL: |  1  2  3  4  5  6  7  8  9 10 11 12 13 14 15 16 17 |
---------------+----------------------------------------------------+-----
Transmutations | 3 4 9 11 12 13 | 13.4
Unarmed Combat | 4 5 6 8 9 13 | 13.7
Fighting       | 5 10 12 13 15 | 15.7
Dodging        | 6 7 10 11 | 11.7
Armour         | 8 11 | 11.3
Ice Magic      | 2 |  2.7
Evocations     | 5 10 | 10.4
Earth Magic    | 3 7 9 |  9.2

Action                   |  1- 3 |  4- 6 |  7- 9 | 10-12 | 13-15 | 16-18 || total
-------------------------+-------+-------+-------+-------+-------+-------++-------
Melee: Unarmed           |    76 |    80 |   137 |   499 |   375 |   464 ||  1631
       Kick              |    10 |       |       |       |       |       ||    10
       Punch             |       |       |       |     8 |    38 |    33 ||    79
Throw: Poisoned dart     |     2 |       |       |       |       |       ||     2
 Cast: Beastly Appendage |     1 |       |       |       |       |       ||     1
       Spider Form       |       |     1 |       |       |       |       ||     1
       Passwall          |       |     1 |       |       |       |       ||     1
       Blade Hands       |       |       |       |     1 |       |       ||     1
Evoke: Wand              |       |       |       |       |     8 |     1 ||     9
       Lamp of fire      |       |       |       |       |     2 |       ||     2
       Disc of storms    |       |       |       |       |     3 |     4 ||     7
  Use: Scroll            |       |       |       |     2 |     1 |     5 ||     8
       Potion            |       |       |       |       |     4 |     3 ||     7
 Stab: Sleeping          |     1 |     4 |     7 |     6 |       |       ||    18
       Distracted        |       |       |       |     1 |       |       ||     1
Armor: Robe              |    12 |     1 |       |       |       |       ||    13
       Skin              |       |     7 |    13 |    13 |       |       ||    33
       Steam dragon scal |       |       |       |    22 |       |       ||    22
       Acid dragon scale |       |       |       |    16 |     2 |       ||    18
       Pearl dragon scal |       |       |       |       |   189 |   238 ||   427
Dodge: Dodged            |    43 |    59 |   123 |   365 |   248 |   371 ||  1209
Block: Other             |       |       |       |    42 |    52 |    67 ||   161
       Reflection        |       |       |       |       |     5 |     2 ||     7
